 Dungeon Crawl Stone Soup version 0.30-a0-170-g85af917532 (webtiles) character file.

Game seed: 14294188301976493927

101201 qw the Peltast (level 16, -11/99 (101) HPs)
             Began as a Gargoyle Fighter on Sept 30, 2022.
             Was a High Priest of Okawaru.
             Mangled by an orc warrior
             ... wielding a +0 glaive
             ... led by an orc warlord
              (22 damage)
             ... while paralysed by an orc sorcerer
             ... on level 2 of the Orcish Mines.
             The game lasted 00:09:03 (19784 turns).

qw the Peltast (Gargoyle Fighter)                  Turns: 19784, Time: 00:09:04

HP:   -11/99 (101)  AC: 57    Str: 31    XL:     16   Next: 29%
MP:   18/23         EV:  2    Int: 16    God:    Okawaru [*****.]
Gold: 867           SH:  0    Dex: 19    Spells: 15/15 levels left

rFire   . . .      SeeInvis .    s - +8 broad axe "Faofoxad" {freeze, Str+6 Int+4}
rCold   + + .      Faith    .    B - +2 tower shield {AC+3}
rNeg    + . .      Spirit   .    v - +0 crystal plate armour "Jingataq" {rPois rC+ Dex+3}
rPois   inf        Reflect  .    g - +1 helmet
rElec   +          Harm     .    a - +2 cloak of Rirytes {rC+ Dex+7}
rCorr   .          Rampage  +    n - +2 pair of gloves
Will    +....                    c - +1 pair of boots {rampage}
Stlth   ..........               m - amulet of regeneration
HPRegen 1.06/turn                u - +4 ring of slaying {mikee}
MPRegen 0.18/turn                f - +4 ring of protection

@: paralysed, heroic, finesse-ful, spiked, flying, lightly drained
A: sickness immunity, AC +12, big wings, negative energy resistance 1,
electricity resistance, torment resistance 1, petrification resistance
a: Renounce Religion, Heroism, Finesse, Duel


You were on level 2 of the Orcish Mines.
You worshipped Okawaru.
Okawaru was extremely pleased with you.
You visited 3 branches of the dungeon, and saw 22 of its levels.

You collected 1796 gold pieces.
You spent 929 gold pieces at shops.


Innate Abilities, Weirdness & Mutations

You are immune to sickness and miasma.
Your stone body is resilient. (AC +12)
You are immune to poison.
Your large and strong wings let you fly.
You resist negative energy. (rN+)
You are resistant to electric shocks. (rElec)
You are resistant to unholy torment.
You are immune to petrification.


   Skills:
 - Level 11.7(16.7) Fighting
 - Level 15.0(20.0) Axes
 - Level 6.0(11.0) Throwing
 - Level 13.0(18.0) Armour
 - Level 5.0(10.0) Dodging
 + Level 15.2(20.2) Shields
 - Level 10.2 Invocations


You had 15 spell levels left.
You didn't know any spells.
Your spell library was empty.

Inventory:

Hand Weapons
 j - a +3 war axe of flaming
 s - the +8 broad axe "Faofoxad" (weapon) {freeze, Str+6 Int+4}
   (Okawaru gifted it to you on level 4 of the Lair of Beasts)

   It freezes those it strikes, dealing additional cold damage.
   It can also slow down cold-blooded creatures.
   Str:       It affects your strength (+6).
   Int:       It affects your intelligence (+4).
Missiles
 x - a javelin (quivered)
 F - 9 boomerangs
Armour
 a - the +2 cloak of Rirytes (worn) {rC+ Dex+7}
   (You acquired it on level 2 of the Dungeon)

   Dex:       It affects your dexterity (+7).
   rC:        It protects you from cold.
 c - a +1 pair of boots of rampaging (worn)
 g - a +1 helmet (worn)
 n - a +2 pair of gloves (worn)
 v - the +0 crystal plate armour "Jingataq" (worn) {rPois rC+ Dex+3}
   (Okawaru gifted it to you on level 13 of the Dungeon)

   Dex:       It affects your dexterity (+3).
   rC:        It protects you from cold.
   rPois:     It protects you from poison.
 B - a +2 tower shield of protection (worn)
 E - +0 acid dragon scales
Jewellery
 f - a +4 ring of protection (right hand)
 m - an amulet of regeneration (around neck)
 q - a ring of fire
 t - a ring of resist corrosion
 u - a +4 ring of slaying (left hand) {mikee}
 y - a ring of protection from cold
 z - a ring of resist corrosion
Wands
 A - a wand of digging (5)
Scrolls
 h - 4 scrolls of identify
 i - 5 scrolls of teleportation
Potions
 b - 2 potions of mutation
 d - 6 potions of might
 e - 6 potions of cancellation
 k - a potion of magic
 l - 7 potions of attraction
 o - a potion of resistance
 p - 6 potions of heal wounds
 r - 10 potions of curing
 w - 3 potions of lignification
 C - 3 potions of haste

Dungeon Overview and Level Annotations

Branches:
Dungeon (15/15)            Temple (0/1) D:6            Lair (5/5) D:8
  Swamp (0/4) Lair:3        Snake (0/4) Lair:3        Slime (0/5) Lair:4
    Orc (2/2) D:10            Elf (0/3) Orc:2        Vaults (0/5) D:13
 Depths (0/4) D:15

Altars:
Dithmenos
Nemelex Xobeh
Okawaru
Qazlal
Ru
Trog
Vehumet
Wu Jian
Xom

Shops:
D:5 *   D:6 [(   D:12 !   Orc:2 **?

Annotations:
D:10 1 runed translucent door, qw's ghost, journeyman GrFi
Orc:2 Donald


Message History

You slice the orc warlord!! You freeze the orc warlord!
You kill the orc warlord!
Okawaru accepts your kill.
The orc warrior hits you but does no damage.
An orc wizard comes into view. It is wielding a +0 dagger.
The orc sorcerer casts a spell at you.
You suddenly lose the ability to move!
Donald says, "You can only wear one cloak at a time, you know?"
The orc warrior hits you but does no damage. x2
An orc comes into view. It is wielding a +0 club.
Donald casts a spell.
Donald seems to grow stronger.
The red devil hits you from afar with a +0 trident!
Barbed spikes become lodged in your body.
The orc warrior unwields a +0 arbalest.
The orc warrior wields a +0 flail.
The orc warrior hits you but does no damage.
The orc warrior hits you from afar with a +0 glaive!
The orc warrior hits you with a +0 war axe.
The orc sorcerer points at you and mumbles some strange words.
The bolt of negative energy hits you! You partially resist.
You feel drained.
Donald asks, "How many innocent creatures did you kill for those shoes?"
Donald mumbles some strange words.
Donald seems to speed up.
The red devil hits you from afar with a +0 trident.
Barbed spikes become lodged in your body.
The orc warrior hits you with a +0 flail.
The orc warrior completely misses you.
The orc warrior hits you but does no damage. x2
The orc hits you with a +0 short sword.
The orc warrior hits you from afar with a +0 glaive!!
The orc sorcerer hits you but does no damage.
The orc warrior hits you but does no damage.
The orc warrior hits you but does no damage.
The orc warrior hits you with a +0 war axe!
The orc warrior hits you but does no damage.
The orc hits you but does no damage.
The orc warrior hits you from afar with a +0 glaive!
The orc sorcerer hits you with a +0 dagger.
The orc warrior hits you from afar with a +0 glaive!!
You die...

##.###...........##....
....#.#.......#.####...
#.....##\##### #....
##.#)######## ##...
##.........# ###.
##......... #.
##......... ..
##.......... ..
#.@o........
......@oo...((...
......oooo.#.#...
.......4oo.###...
.......o...#
..........##
...........
.....##.....


You could see Donald (fast, strong), an orc sorcerer (strong), a red devil
(summoned), 5 orc warriors, an orc wizard (strong) and 3 orcs.

Vanquished Creatures
  Jorgrun (Orc:2)
  Agnes (D:15)
  Kirke (D:13)
  Louise (D:15)
  An orc warlord (Orc:2)
  Azrael (D:15)
  2 dire elephants (Lair:5)
  Snorg (D:13)
  A rakshasa (D:14)
  4 vault guards (D:13)
  2 hydras
  2 catoblepae
  12 centaur warriors
  4 boulder beetles
  A death knight (D:14)
  3 tengu warriors
  Erica (D:9)
  3 two-headed ogres
  7 death yaks
  A spectral dire elephant (Lair:5)
  A shadow wraith (D:14)
  Sonja (Lair:3)
  9 skeletal warriors
  A spectral anaconda (Lair:5)
  A spectral death yak (Lair:5)
  An obsidian statue (Lair:5)
  4 necromancers
  Pikel (D:6)
  3 wizards
  An orc sorcerer (D:15)
  2 orc knights
  8 cyclopes
  An oklob plant (Lair:3)
  13 ugly things
  4 deep elf pyromancers
  10 manticores
  21 elephants
  Joseph (D:8)
  8 cane toads
  2 gargoyles (D:14)
  A cane toad (shapeshifter) (D:14)
  8 black mambas
  A naga mage (D:15)
  4 centaur skeletons (D:15)
  A dire elephant skeleton (Lair:5)
  Maggie (D:8)
  3 unseen horrors
  An unseen horror (shapeshifter) (D:15)
  2 efreet
  A rime drake (Lair:5)
  A freezing wraith (D:14)
  11 komodo dragons
  4 trolls
  6 blink frogs (Lair:2)
  A hornet (D:14)
  2 spectral elephants (Lair:5)
  8 slime creatures
  Grinder (D:5)
  Sigmund (D:5)
  4 wraiths
  2 shadows
  5 basilisks
  4 fire elementals (D:15)
  32 yaks
  4 wyverns
  4 humans (D:13)
  Eustachio (D:4)
  A death yak simulacrum (Lair:5)
  A steam dragon (D:10)
  A warg (Orc:2)
  Menkaure (D:6)
  3 nagas (Lair:3)
  16 vampire mosquitoes
  3 hell hounds (D:15)
  11 water moccasins
  Duvessa (D:4)
  An acid dragon (D:11)
  11 orc warriors
  2 black bears
  A sky beast (D:8)
  2 ice beasts
  4 wolves (Lair:2)
  4 ogres
  3 centaurs
  3 elephant skeletons (Lair:5)
  3 kobold brigands
  17 bullfrogs
  A necrophage (D:6)
  A two-headed ogre simulacrum (D:11)
  A gnoll sergeant (D:10)
  9 scorpions
  7 wights
  Dowan (D:4)
  2 elephant simulacra (Lair:5)
  14 killer bees
  2 howler monkeys
  4 electric eels
  3 jellies
  3 hounds
  15 orc priests
  2 gnoll boudas
  Natasha (twice) (D:2)
  7 hell rats (Lair:3)
  20 orc wizards
  2 spriggan simulacra (D:11)
  2 troll simulacra (D:11)
  Robin (D:2)
  18 gnolls
  5 adders
  A shadow imp (D:8)
  An ufetubus (D:3)
  A worm (D:3)
  5 dart slugs
  47 orcs
  10 ball pythons
  5 endoplasms
  4 giant cockroaches
  13 goblins
  8 hobgoblins
  8 jackals
  19 kobolds
  4 quokkas
  2 bats
  5 frilled lizards
  4 rats
  A butterfly (Lair:3)
  A withered plant (Lair:5)
607 creatures vanquished.

Vanquished Creatures (others)
  A wizard (D:14)
  35 fungi
  50 plants
  17 withered plants (Lair:5)
103 creatures vanquished.

Grand Total: 710 creatures vanquished

Notes
Turn   | Place    | Note
-------+----------+-------------------------------------------
     0 | D:1      | qw the Gargoyle Fighter began the quest for the Orb.
     0 | D:1      | Reached XP level 1. HP: 14/14 MP: 1/1
     0 | D:1      | 0 ||| qw: Version: 0.2-a-13-gfc7b4b4
     0 | D:1      | 0 ||| qw: Game counter: 1699
     0 | D:1      | 0 ||| qw: Always use a shield: true
     0 | D:1      | 0 ||| qw: God list: Okawaru
     0 | D:1      | 0 ||| qw: Allow faded altars: false
     0 | D:1      | 0 ||| qw: Do Orc after D:15 true
     0 | D:1      | 0 ||| qw: Do second Lair branch before Depths: true
     0 | D:1      | 0 ||| qw: Lair rune preference: random
     0 | D:1      | 0 ||| qw: Plans: Normal, Zot:1-4, God:TSO, Crypt, Tomb,
                  | Pan, Slime:5, Hells, Abyss, Orb
     0 | D:1      | 0 ||| PLANNING D:1-11
    75 | D:1      | 75 ||| Stepping ~*~*~tactically~*~*~ (stealth).
    96 | D:1      | 96 ||| Stepping ~*~*~tactically~*~*~ (stealth).
    98 | D:1      | 98 ||| Stepping ~*~*~tactically~*~*~ (stealth).
    99 | D:1      | 99 ||| Stepping ~*~*~tactically~*~*~ (stealth).
   322 | D:1      | 322 ||| Stepping ~*~*~tactically~*~*~ (hiding).
   331 | D:1      | Reached XP level 2. HP: 18/19 MP: 2/2
   331 | D:1      | 331 ||| Stepping ~*~*~tactically~*~*~ (stealth).
   332 | D:1      | 332 ||| Stepping ~*~*~tactically~*~*~ (stealth).
   347 | D:1      | 347 ||| Stepping ~*~*~tactically~*~*~ (stealth).
   372 | D:1      | Reached skill level 3 in Axes
   525 | D:1      | Found a faded altar of an unknown god.
   542 | D:1      | Reached XP level 3. HP: 23/23 MP: 3/3
   568 | D:1      | 568 ||| Stepping ~*~*~tactically~*~*~ (stealth).
   569 | D:1      | 569 ||| Stepping ~*~*~tactically~*~*~ (stealth).
   570 | D:1      | 570 ||| Stepping ~*~*~tactically~*~*~ (stealth).
   634 | D:1      | 634 ||| Stepping ~*~*~tactically~*~*~ (stealth).
   730 | D:1      | 730 ||| UPGRADING to ring of resist corrosion.
   731 | D:1      | 731 ||| READING scroll labelled HINAOLO HAESM.
   732 | D:1      | 732 ||| READING scroll labelled SUUTEA NUEGI.
   733 | D:1      | 733 ||| READING 2 scrolls labelled PUEFOK GAIDA.
   736 | D:1      | 736 ||| READING 2 scrolls labelled VUAGUE ZIOPN.
   875 | D:2      | 875 ||| Stepping ~*~*~tactically~*~*~ (stealth).
   880 | D:2      | 880 ||| Stepping ~*~*~tactically~*~*~ (stealth).
   886 | D:2      | 886 ||| FLEEEEING.
   890 | D:2      | 890 ||| FLEEEEING.
   891 | D:2      | 891 ||| FLEEEEING.
   892 | D:2      | 892 ||| FLEEEEING.
   896 | D:2      | 896 ||| FLEEEEING.
   897 | D:2      | 897 ||| FLEEEEING.
   898 | D:2      | 898 ||| FLEEEEING.
   899 | D:2      | 899 ||| FLEEEEING.
   900 | D:2      | 900 ||| FLEEEEING.
   902 | D:2      | 902 ||| FLEEEEING.
   903 | D:2      | 903 ||| FLEEEEING.
   904 | D:2      | 904 ||| FLEEEEING.
   905 | D:2      | 905 ||| FLEEEEING.
   906 | D:2      | 906 ||| FLEEEEING.
   907 | D:2      | 907 ||| FLEEEEING.
   908 | D:2      | 908 ||| FLEEEEING.
   911 | D:2      | 911 ||| FLEEEEING.
   913 | D:2      | 913 ||| FLEEEEING.
   915 | D:2      | 915 ||| STAIRDANCE
  1009 | D:2      | 1009 ||| Stepping ~*~*~tactically~*~*~ (stealth).
  1010 | D:2      | 1010 ||| Stepping ~*~*~tactically~*~*~ (stealth).
  1037 | D:2      | 1037 ||| Stepping ~*~*~tactically~*~*~ (hiding).
  1039 | D:2      | Noticed Robin
  1046 | D:2      | Reached XP level 4. HP: 12/28 MP: 4/4
  1047 | D:2      | HP: 7/28 [hobgoblin[Robin] (2)]
  1048 | D:2      | 1048 ||| READING scroll of teleportation.
  1363 | D:2      | Noticed Natasha
  1364 | D:2      | 1364 ||| FLEEEEING.
  1368 | D:2      | 1368 ||| FLEEEEING.
  1369 | D:2      | 1369 ||| FLEEEEING.
  1370 | D:2      | 1370 ||| FLEEEEING.
  1371 | D:2      | 1371 ||| FLEEEEING.
  1372 | D:2      | 1372 ||| FLEEEEING.
  1373 | D:2      | 1373 ||| FLEEEEING.
  1374 | D:2      | 1374 ||| FLEEEEING.
  1375 | D:2      | 1375 ||| FLEEEEING.
  1384 | D:2      | Killed Natasha
  1508 | D:2      | Noticed Natasha
  1509 | D:2      | 1509 ||| Stepping ~*~*~tactically~*~*~ (stealth).
  1516 | D:2      | Killed Natasha
  1570 | D:2      | Killed Robin
  1571 | D:2      | Reached XP level 5. HP: 28/32 MP: 5/5
  1935 | D:2      | 1935 ||| UPGRADING to +0 helmet.
  1940 | D:2      | 1940 ||| READING scroll labelled TISCHU QIUS VOKK.
  1941 | D:2      | 1941 ||| READING scroll labelled WIBAUNAXOFF.
  1941 | D:2      | Identified a scroll of acquirement
  1941 | D:2      | 1941 ||| ACQUIRING +2 cloak of Rirytes {rC+ Dex+7}
  1941 | D:2      | Acquired the +2 cloak of Rirytes {rC+ Dex+7}
  1943 | D:2      | 1943 ||| UPGRADING to +2 cloak of Rirytes {rC+ Dex+7}.
  1948 | D:2      | 1948 ||| READING 2 scrolls of identify.
  1948 | D:2      | 1948 ||| IDENTIFYING metallic sapphire potion
  1984 | D:3      | 1984 ||| Stepping ~*~*~tactically~*~*~ (stealth).
  1985 | D:3      | 1985 ||| Stepping ~*~*~tactically~*~*~ (stealth).
  2028 | D:3      | Found a sacrificial altar of Ru.
  2029 | D:3      | 2029 ||| Stepping ~*~*~tactically~*~*~ (hiding).
  2030 | D:3      | 2030 ||| Stepping ~*~*~tactically~*~*~ (hiding).
  2031 | D:3      | 2031 ||| Stepping ~*~*~tactically~*~*~ (stealth).
  2032 | D:3      | 2032 ||| Stepping ~*~*~tactically~*~*~ (stealth).
  2033 | D:3      | 2033 ||| Stepping ~*~*~tactically~*~*~ (stealth).
  2034 | D:3      | 2034 ||| Stepping ~*~*~tactically~*~*~ (stealth).
  2040 | D:3      | Reached skill level 1 in Dodging
  2258 | D:3      | 2258 ||| Stepping ~*~*~tactically~*~*~ (stealth).
  2259 | D:3      | 2259 ||| Stepping ~*~*~tactically~*~*~ (stealth).
  2297 | D:3      | 2297 ||| READING scroll of enchant weapon.
  2297 | D:3      | 2297 ||| ENCHANTING +1 war axe.
  2587 | D:3      | 2587 ||| UPGRADING to quicksilver dragon scales.
  2597 | D:3      | 2597 ||| DROPPING +0 scale mail.
  2598 | D:3      | 2598 ||| READING scroll labelled CYGY GIEGUE.
  2599 | D:3      | 2599 ||| DRINKING 2 golden potions.
  2694 | D:4      | Noticed Eustachio
  2705 | D:4      | Killed Eustachio
  2706 | D:4      | Reached XP level 6. HP: 39/40 MP: 6/6
  3059 | D:4      | Found a shimmering altar of Xom.
  3059 | D:4      | Found a radiant altar of Vehumet.
  3060 | D:4      | Found a stormy altar of Qazlal.
  3061 | D:4      | Found an iron altar of Okawaru.
  3062 | D:4      | 3062 ||| PLANNING OKAWARU WORSHIP
  3062 | D:4      | 3062 ||| DROPPING +2 hat.
  3063 | D:4      | 3063 ||| READING scroll labelled HUEL CAJ MOHE.
  3064 | D:4      | 3064 ||| DRINKING 3 fuming silvery potions.
  3065 | D:4      | 3065 ||| READING 2 scrolls of identify.
  3065 | D:4      | 3065 ||| IDENTIFYING brown potion
  3066 | D:4      | 3066 ||| DROPPING potion of brilliance.
  3071 | D:4      | Became a worshipper of Warmaster Okawaru
  3072 | D:4      | 3072 ||| PLANNING D:1-11
  3145 | D:4      | Noticed Duvessa
  3146 | D:4      | Noticed Dowan
  3147 | D:4      | 3147 ||| Stepping ~*~*~tactically~*~*~ (stealth).
  3155 | D:4      | Killed Duvessa
  3156 | D:4      | Reached XP level 7. HP: 39/44 MP: 7/7
  3156 | D:4      | Killed Dowan
  3261 | D:4      | Reached skill level 6 in Axes
  3338 | D:5      | Entered Level 5 of the Dungeon
  3401 | D:5      | Found Vaups's General Store.
  3406 | D:5      | 3406 ||| SHOPLISTING amulet of regeneration (330 gold, have
                  | 118).
  3406 | D:5      | 3406 ||| BUYING potion of cancellation (88 gold).
  3406 | D:5      | Bought a potion of cancellation for 88 gold pieces
  3406 | D:5      | 3406 ||| SHOPLISTING scroll of teleportation (33 gold, have
                  | 30).
  3513 | D:5      | 3513 ||| Stepping ~*~*~tactically~*~*~ (hiding).
  3539 | D:5      | 3539 ||| Stepping ~*~*~tactically~*~*~ (stealth).
  3583 | D:5      | Reached * piety under Okawaru
  3643 | D:5      | Noticed Sigmund
  3644 | D:5      | 3644 ||| INVOKING Heroism.
  3653 | D:5      | Killed Sigmund
  3759 | D:5      | Noticed Grinder
  3760 | D:5      | 3760 ||| INVOKING Heroism.
  3765 | D:5      | Killed Grinder
  3766 | D:5      | Reached skill level 3 in Invocations
  3766 | D:5      | Reached XP level 8. HP: 44/49 MP: 6/10
  3868 | D:5      | 3868 ||| DROPPING +1 whip of electrocution.
  4062 | D:5      | 4062 ||| INVOKING Heroism.
  4093 | D:5      | 4093 ||| Stepping ~*~*~tactically~*~*~ (hiding).
  4101 | D:5      | Reached ** piety under Okawaru
  4127 | D:5      | 4127 ||| Stepping ~*~*~tactically~*~*~ (stealth).
  4131 | D:5      | 4131 ||| Stepping ~*~*~tactically~*~*~ (stealth).
  4132 | D:5      | 4132 ||| Stepping ~*~*~tactically~*~*~ (stealth).
  4134 | D:5      | 4134 ||| Stepping ~*~*~tactically~*~*~ (stealth).
  4269 | D:5      | 4269 ||| UPGRADING to +4 ring of protection.
  4270 | D:5      | 4270 ||| READING scroll labelled JYEPPE DONAWK.
  4271 | D:5      | 4271 ||| DRINKING 2 dark potions.
  4272 | D:5      | 4272 ||| READING 2 scrolls of identify.
  4272 | D:5      | 4272 ||| IDENTIFYING bubbling silvery potion
  4273 | D:5      | 4273 ||| DROPPING potion of degeneration.
  4289 | D:6      | 4289 ||| STAIRDANCE
  4388 | D:6      | 4388 ||| Stepping ~*~*~tactically~*~*~ (hiding).
  4392 | D:6      | 4392 ||| INVOKING Heroism.
  4427 | D:6      | 4427 ||| Stepping ~*~*~tactically~*~*~ (hiding).
  4446 | D:6      | 4446 ||| INVOKING Heroism.
  4519 | D:6      | 4519 ||| Stepping ~*~*~tactically~*~*~ (stealth).
  4520 | D:6      | Noticed Pikel
  4521 | D:6      | 4521 ||| Stepping ~*~*~tactically~*~*~ (stealth).
  4524 | D:6      | 4524 ||| INVOKING Heroism.
  4543 | D:6      | 4543 ||| INVOKING Heroism.
  4544 | D:6      | Killed Pikel
  4544 | D:6      | Reached *** piety under Okawaru
  4545 | D:6      | Reached skill level 6 in Armour
  4545 | D:6      | Reached XP level 9. HP: 41/54 MP: 9/12
  4570 | D:6      | 4570 ||| FLEEEEING.
  4580 | D:6      | 4580 ||| STAIRDANCE
  4616 | D:5      | 4616 ||| UPGRADING to +0 pair of gloves.
  4621 | D:5      | 4621 ||| READING scroll labelled UDIQADIOLO.
  4637 | D:6      | 4637 ||| INVOKING Heroism.
  4638 | D:6      | 4638 ||| Stepping ~*~*~tactically~*~*~ (stealth).
  4639 | D:6      | 4639 ||| Stepping ~*~*~tactically~*~*~ (stealth).
  4640 | D:6      | 4640 ||| Stepping ~*~*~tactically~*~*~ (stealth).
  4666 | D:6      | 4666 ||| Stepping ~*~*~tactically~*~*~ (stealth).
  4668 | D:6      | 4668 ||| INVOKING Heroism.
  4716 | D:6      | Reached skill level 6 in Fighting
  4739 | D:6      | Found Pofe's Hydra Hut.
  4742 | D:6      | Noticed a four-headed hydra
  4758 | D:6      | 4758 ||| BUYING +0 war axe of flaming (107 gold).
  4758 | D:6      | Bought a +0 war axe of flaming for 107 gold pieces
  4758 | D:6      | 4758 ||| SHOPLISTING +2 war axe of flaming (237 gold, have
                  | 57).
  4758 | D:6      | 4758 ||| SWAPPING to +0 war axe of flaming.
  4759 | D:6      | 4759 ||| DROPPING +0 flail.
  4760 | D:6      | 4760 ||| DROPPING +2 vorpal war axe.
  4762 | D:6      | 4762 ||| Stepping ~*~*~tactically~*~*~ (stealth).
  4832 | D:6      | Reached skill level 1 in Throwing
  4854 | D:6      | Found Nimohiwk's Antique Armour Shop.
  4859 | D:6      | 4859 ||| SHOPLISTING ice dragon scales (1560 gold, have
                  | 72).
  4877 | D:6      | Found a staircase to the Ecumenical Temple.
  5027 | D:6      | 5027 ||| READING scroll of enchant weapon.
  5027 | D:6      | 5027 ||| ENCHANTING +0 war axe of flaming.
  5038 | D:6      | Noticed Menkaure
  5039 | D:6      | 5039 ||| FLEEEEING.
  5044 | D:6      | 5044 ||| STAIRDANCE
  5095 | D:5      | 5095 ||| READING scroll labelled UFREEQ BOXZI.
  5157 | D:5      | 5157 ||| READING scroll labelled IXEWESCH ISUSA.
  5158 | D:5      | 5158 ||| DRINKING 2 orange potions.
  5161 | D:6      | 5161 ||| Stepping ~*~*~tactically~*~*~ (hiding).
  5163 | D:6      | 5163 ||| Stepping ~*~*~tactically~*~*~ (hiding).
  5166 | D:6      | 5166 ||| Stepping ~*~*~tactically~*~*~ (hiding).
  5170 | D:6      | 5170 ||| INVOKING Heroism.
  5176 | D:6      | Killed Menkaure
  5239 | D:6      | 5239 ||| Stepping ~*~*~tactically~*~*~ (stealth).
  5240 | D:6      | 5240 ||| INVOKING Heroism.
  5246 | D:6      | Reached skill level 9 in Axes
  5272 | D:7      | 5272 ||| INVOKING Heroism.
  5299 | D:7      | 5299 ||| FLEEEEING.
  5300 | D:7      | 5300 ||| FLEEEEING.
  5302 | D:7      | 5302 ||| STAIRDANCE
  5409 | D:7      | 5409 ||| INVOKING Heroism.
  5473 | D:7      | 5473 ||| Stepping ~*~*~tactically~*~*~ (stealth).
  5619 | D:7      | 5619 ||| READING scroll of enchant armour.
  5619 | D:7      | 5619 ||| ENCHANTING +0 pair of gloves.
  5646 | D:7      | 5646 ||| INVOKING Heroism.
  5647 | D:7      | 5647 ||| Stepping ~*~*~tactically~*~*~ (hiding).
  5657 | D:7      | Reached XP level 10. HP: 47/63 MP: 11/13
  5793 | D:7      | 5793 ||| Stepping ~*~*~tactically~*~*~ (stealth).
  5794 | D:7      | 5794 ||| Stepping ~*~*~tactically~*~*~ (stealth).
  5820 | D:7      | 5820 ||| INVOKING Heroism.
  5877 | D:7      | 5877 ||| Stepping ~*~*~tactically~*~*~ (stealth).
  5879 | D:7      | 5879 ||| Stepping ~*~*~tactically~*~*~ (stealth).
  5881 | D:7      | 5881 ||| Stepping ~*~*~tactically~*~*~ (stealth).
  5883 | D:7      | 5883 ||| Stepping ~*~*~tactically~*~*~ (stealth).
  5885 | D:7      | 5885 ||| Stepping ~*~*~tactically~*~*~ (stealth).
  5887 | D:7      | 5887 ||| Stepping ~*~*~tactically~*~*~ (stealth).
  5889 | D:7      | 5889 ||| Stepping ~*~*~tactically~*~*~ (stealth).
  5891 | D:7      | 5891 ||| Stepping ~*~*~tactically~*~*~ (stealth).
  5893 | D:7      | 5893 ||| Stepping ~*~*~tactically~*~*~ (stealth).
  5895 | D:7      | 5895 ||| Stepping ~*~*~tactically~*~*~ (stealth).
  5897 | D:7      | 5897 ||| Stepping ~*~*~tactically~*~*~ (stealth).
  5899 | D:7      | 5899 ||| Stepping ~*~*~tactically~*~*~ (stealth).
  5901 | D:7      | 5901 ||| Stepping ~*~*~tactically~*~*~ (stealth).
  5903 | D:7      | 5903 ||| Stepping ~*~*~tactically~*~*~ (stealth).
  5905 | D:7      | 5905 ||| Stepping ~*~*~tactically~*~*~ (stealth).
  5907 | D:7      | 5907 ||| Stepping ~*~*~tactically~*~*~ (stealth).
  5909 | D:7      | 5909 ||| Stepping ~*~*~tactically~*~*~ (stealth).
  5911 | D:7      | 5911 ||| Stepping ~*~*~tactically~*~*~ (stealth).
  5913 | D:7      | 5913 ||| Stepping ~*~*~tactically~*~*~ (stealth).
  5915 | D:7      | 5915 ||| Stepping ~*~*~tactically~*~*~ (stealth).
  5917 | D:7      | 5917 ||| Stepping ~*~*~tactically~*~*~ (hiding).
  6185 | D:7      | 6185 ||| READING scroll of enchant weapon.
  6185 | D:7      | 6185 ||| ENCHANTING +1 war axe of flaming.
  6203 | D:7      | Reached skill level 3 in Dodging
  6296 | D:7      | 6296 ||| UPGRADING to +0 pair of boots.
  6301 | D:7      | 6301 ||| READING 2 scrolls of identify.
  6301 | D:7      | 6301 ||| IDENTIFYING sedimented golden potion
  6332 | D:8      | Noticed Joseph
  6348 | D:8      | 6348 ||| INVOKING Heroism.
  6351 | D:8      | Killed Joseph
  6513 | D:8      | 6513 ||| READING scroll of enchant weapon.
  6513 | D:8      | 6513 ||| ENCHANTING +2 war axe of flaming.
  6547 | D:8      | Reached **** piety under Okawaru
  6582 | D:8      | 6582 ||| Stepping ~*~*~tactically~*~*~ (hiding).
  6584 | D:8      | 6584 ||| Stepping ~*~*~tactically~*~*~ (stealth).
  6586 | D:8      | 6586 ||| Stepping ~*~*~tactically~*~*~ (hiding).
  6587 | D:8      | 6587 ||| INVOKING Heroism.
  6609 | D:8      | Received a gift from Okawaru
  6650 | D:8      | 6650 ||| Stepping ~*~*~tactically~*~*~ (hiding).
  6651 | D:8      | 6651 ||| Stepping ~*~*~tactically~*~*~ (hiding).
  6653 | D:8      | 6653 ||| Stepping ~*~*~tactically~*~*~ (hiding).
  6723 | D:8      | 6723 ||| Stepping ~*~*~tactically~*~*~ (stealth).
  6725 | D:8      | 6725 ||| Stepping ~*~*~tactically~*~*~ (hiding).
  6726 | D:8      | 6726 ||| Stepping ~*~*~tactically~*~*~ (hiding).
  6727 | D:8      | 6727 ||| Stepping ~*~*~tactically~*~*~ (hiding).
  6728 | D:8      | 6728 ||| Stepping ~*~*~tactically~*~*~ (hiding).
  6748 | D:8      | 6748 ||| Stepping ~*~*~tactically~*~*~ (stealth).
  6750 | D:8      | 6750 ||| FLEEEEING.
  6751 | D:8      | 6751 ||| FLEEEEING.
  6752 | D:8      | 6752 ||| FLEEEEING.
  6753 | D:8      | 6753 ||| FLEEEEING.
  6754 | D:8      | 6754 ||| FLEEEEING.
  6763 | D:8      | 6763 ||| FLEEEEING.
  6764 | D:8      | 6764 ||| FLEEEEING.
  6821 | D:8      | Noticed Maggie
  6822 | D:8      | 6822 ||| Stepping ~*~*~tactically~*~*~ (hiding).
  6825 | D:8      | 6825 ||| Stepping ~*~*~tactically~*~*~ (hiding).
  6830 | D:8      | Killed Maggie
  6831 | D:8      | Reached skill level 6 in Invocations
  6854 | D:8      | 6854 ||| Stepping ~*~*~tactically~*~*~ (stealth).
  6865 | D:8      | 6865 ||| INVOKING Heroism.
  6866 | D:8      | 6866 ||| SWAPPING to +0 broad axe.
  6875 | D:8      | Found a staircase to the Lair.
  7007 | D:8      | 7007 ||| Stepping ~*~*~tactically~*~*~ (hiding).
  7009 | D:8      | 7009 ||| Stepping ~*~*~tactically~*~*~ (hiding).
  7021 | D:8      | Reached ***** piety under Okawaru
  7066 | D:8      | 7066 ||| Stepping ~*~*~tactically~*~*~ (stealth).
  7067 | D:8      | 7067 ||| INVOKING Heroism.
  7070 | D:8      | 7070 ||| Stepping ~*~*~tactically~*~*~ (stealth).
  7087 | D:8      | 7087 ||| Stepping ~*~*~tactically~*~*~ (stealth).
  7089 | D:8      | 7089 ||| Stepping ~*~*~tactically~*~*~ (stealth).
  7125 | D:8      | Identified the +3 ring mail "Tofomoof" {Rampage Drain
                  | Slay+5 SInv}
  7140 | D:8      | 7140 ||| READING scroll of enchant armour.
  7140 | D:8      | 7140 ||| ENCHANTING +1 pair of gloves.
  7483 | D:8      | 7483 ||| PLANNING LAIR
  7483 | D:8      | 7483 ||| UPGRADING to +3 ring mail "Tofomoof" {Rampage
                  | Drain Slay+5 SInv}.
  7493 | D:8      | 7493 ||| DROPPING quicksilver dragon scales.
  7494 | D:8      | 7494 ||| UPGRADING to +6 ring of strength.
  7496 | D:8      | 7496 ||| READING 2 scrolls labelled LIL UNEKHUX UMM.
  7497 | D:8      | 7497 ||| READING 3 scrolls of identify.
  7497 | D:8      | 7497 ||| IDENTIFYING bubbling red potion
  7498 | D:8      | 7498 ||| READING 2 scrolls of identify.
  7498 | D:8      | 7498 ||| IDENTIFYING coppery potion
  7499 | D:8      | 7499 ||| DROPPING potion of berserk rage.
  7500 | D:8      | 7500 ||| DROPPING scroll of immolation.
  7532 | Lair:1   | Entered Level 1 of the Lair of Beasts
  7532 | Lair:1   | Noticed a cane toad
  7533 | Lair:1   | 7533 ||| INVOKING Heroism.
  7543 | Lair:1   | Killed a cane toad
  7544 | Lair:1   | Reached XP level 11. HP: 68/68 MP: 14/16
  7563 | Lair:1   | 7563 ||| Stepping ~*~*~tactically~*~*~ (stealth).
  7565 | Lair:1   | 7565 ||| Stepping ~*~*~tactically~*~*~ (stealth).
  7567 | Lair:1   | 7567 ||| Stepping ~*~*~tactically~*~*~ (stealth).
  7569 | Lair:1   | 7569 ||| Stepping ~*~*~tactically~*~*~ (stealth).
  7571 | Lair:1   | 7571 ||| Stepping ~*~*~tactically~*~*~ (stealth).
  7578 | Lair:1   | 7578 ||| INVOKING Heroism.
  7636 | Lair:1   | 7636 ||| INVOKING Heroism.
  7746 | Lair:1   | Noticed a catoblepas
  7747 | Lair:1   | 7747 ||| Stepping ~*~*~tactically~*~*~ (stealth).
  7749 | Lair:1   | 7749 ||| Stepping ~*~*~tactically~*~*~ (stealth).
  7750 | Lair:1   | 7750 ||| INVOKING Heroism.
  7751 | Lair:1   | 7751 ||| INVOKING Finesse.
  7759 | Lair:1   | Killed a catoblepas
  7760 | Lair:1   | Reached skill level 9 in Invocations
  7764 | Lair:1   | Identified the +1 chain mail of Devotion {Str+2 Dex+2}
                  | (Okawaru gifted it to you on level 1 of the Lair of Beasts)
  7764 | Lair:1   | Received a gift from Okawaru
  7832 | Lair:1   | 7832 ||| INVOKING Heroism.
  7951 | Lair:1   | 7951 ||| INVOKING Heroism.
  8032 | Lair:1   | Identified the +5 dagger "Usuqeypp" {vorpal, rElec Will+
                  | SInv}
  8084 | Lair:1   | Noticed a death yak
  8084 | Lair:1   | Noticed a death yak
  8085 | Lair:1   | 8085 ||| INVOKING Heroism.
  8086 | Lair:1   | 8086 ||| INVOKING Finesse.
  8087 | Lair:1   | 8087 ||| INVOKING Finesse.
  8087 | Lair:1   | Noticed a death yak
  8088 | Lair:1   | 8088 ||| INVOKING Finesse.
  8089 | Lair:1   | Noticed a death yak
  8090 | Lair:1   | 8090 ||| Stepping ~*~*~tactically~*~*~ (stealth).
  8093 | Lair:1   | 8093 ||| Stepping ~*~*~tactically~*~*~ (stealth).
  8094 | Lair:1   | 8094 ||| Stepping ~*~*~tactically~*~*~ (stealth).
  8095 | Lair:1   | 8095 ||| Stepping ~*~*~tactically~*~*~ (stealth).
  8102 | Lair:1   | Killed a death yak
  8108 | Lair:1   | Killed a death yak
  8109 | Lair:1   | Reached skill level 9 in Fighting
  8113 | Lair:1   | Killed a death yak
  8117 | Lair:1   | Noticed a death yak
  8119 | Lair:1   | Noticed a death yak
  8120 | Lair:1   | Killed a death yak
  8121 | Lair:1   | Reached XP level 12. HP: 52/76 MP: 14/19
  8124 | Lair:1   | 8124 ||| INVOKING Heroism.
  8130 | Lair:1   | Killed a death yak
  8136 | Lair:1   | Killed a death yak
  8390 | Lair:1   | Identified the +2 chain mail of Vehumet's Regard {Rampage
                  | rF+}
  8475 | Lair:1   | 8475 ||| INVOKING Heroism.
  8479 | Lair:1   | Identified the +5 sling "Haniynih" {flame, rCorr} (Okawaru
                  | gifted it to you on level 1 of the Lair of Beasts)
  8479 | Lair:1   | Received a gift from Okawaru
  8792 | Lair:1   | 8792 ||| DROPPING +1 chain mail of Devotion {Str+2 Dex+2}.
  8793 | Lair:1   | 8793 ||| DROPPING scarf of repulsion.
  8794 | Lair:1   | 8794 ||| READING 3 scrolls of identify.
  8794 | Lair:1   | 8794 ||| IDENTIFYING glowing cyan potion
  8795 | Lair:1   | 8795 ||| READING 2 scrolls of identify.
  8795 | Lair:1   | 8795 ||| IDENTIFYING lumpy dark potion
  8796 | Lair:1   | 8796 ||| DROPPING potion of ambrosia.
  8797 | Lair:1   | 8797 ||| DROPPING potion of invisibility.
  8858 | Lair:2   | 8858 ||| Stepping ~*~*~tactically~*~*~ (stealth).
  8890 | Lair:2   | Reached skill level 12 in Axes
  9013 | Lair:2   | 9013 ||| READING scroll of enchant weapon.
  9013 | Lair:2   | 9013 ||| ENCHANTING +0 broad axe.
  9042 | Lair:2   | 9042 ||| INVOKING Heroism.
  9047 | Lair:2   | Reached skill level 6 in Shields
  9200 | Lair:2   | Found a bloodstained altar of Trog.
  9202 | Lair:2   | 9202 ||| Stepping ~*~*~tactically~*~*~ (stealth).
  9210 | Lair:2   | 9210 ||| Stepping ~*~*~tactically~*~*~ (stealth).
  9212 | Lair:2   | 9212 ||| INVOKING Heroism.
  9318 | Lair:2   | 9318 ||| INVOKING Heroism.
  9319 | Lair:2   | 9319 ||| Stepping ~*~*~tactically~*~*~ (stealth).
  9523 | Lair:2   | 9523 ||| INVOKING Heroism.
  9540 | Lair:2   | 9540 ||| Stepping ~*~*~tactically~*~*~ (stealth).
  9541 | Lair:2   | 9541 ||| Stepping ~*~*~tactically~*~*~ (stealth).
  9747 | Lair:2   | 9747 ||| Stepping ~*~*~tactically~*~*~ (stealth).
  9748 | Lair:2   | 9748 ||| Stepping ~*~*~tactically~*~*~ (stealth).
  9751 | Lair:2   | 9751 ||| INVOKING Heroism.
  9752 | Lair:2   | 9752 ||| Stepping ~*~*~tactically~*~*~ (stealth).
  9790 | Lair:2   | 9790 ||| UPGRADING to amulet of regeneration.
  9873 | Lair:3   | 9873 ||| INVOKING Heroism.
  9874 | Lair:3   | 9874 ||| INVOKING Finesse.
  9877 | Lair:3   | 9877 ||| FLEEEEING.
  9878 | Lair:3   | 9878 ||| FLEEEEING.
  9879 | Lair:3   | 9879 ||| FLEEEEING.
  9920 | Lair:3   | 9920 ||| INVOKING Finesse.
  9921 | Lair:3   | 9921 ||| INVOKING Heroism.
 10000 | Lair:3   | Found a staircase to the Swamp.
 10116 | Lair:3   | 10116 ||| INVOKING Heroism.
 10202 | Lair:3   | 10202 ||| Stepping ~*~*~tactically~*~*~ (stealth).
 10206 | Lair:3   | 10206 ||| Stepping ~*~*~tactically~*~*~ (stealth).
 10209 | Lair:3   | 10209 ||| INVOKING Heroism.
 10222 | Lair:3   | 10222 ||| Stepping ~*~*~tactically~*~*~ (stealth).
 10236 | Lair:3   | 10236 ||| Stepping ~*~*~tactically~*~*~ (stealth).
 10239 | Lair:3   | 10239 ||| Stepping ~*~*~tactically~*~*~ (stealth).
 10242 | Lair:3   | 10242 ||| Stepping ~*~*~tactically~*~*~ (stealth).
 10243 | Lair:3   | Noticed Sonja
 10244 | Lair:3   | 10244 ||| Stepping ~*~*~tactically~*~*~ (stealth).
 10246 | Lair:3   | 10246 ||| Stepping ~*~*~tactically~*~*~ (stealth).
 10248 | Lair:3   | 10248 ||| INVOKING Heroism.
 10260 | Lair:3   | 10260 ||| INVOKING Finesse.
 10266 | Lair:3   | Killed Sonja
 10312 | Lair:3   | 10312 ||| READING scroll of enchant armour.
 10312 | Lair:3   | 10312 ||| ENCHANTING +0 helmet.
 10340 | Lair:3   | 10340 ||| INVOKING Heroism.
 10367 | Lair:3   | Found a staircase to the Snake Pit.
 10378 | Lair:3   | 10378 ||| Stepping ~*~*~tactically~*~*~ (stealth).
 10380 | Lair:3   | 10380 ||| Stepping ~*~*~tactically~*~*~ (stealth).
 10386 | Lair:3   | Reached XP level 13. HP: 82/82 MP: 20/20
 10831 | Lair:3   | 10831 ||| DROPPING +0 pair of gloves of dexterity.
 10832 | Lair:3   | 10832 ||| READING 3 scrolls labelled VYUCOE RULATT.
 10933 | Lair:3   | 10933 ||| READING scroll labelled ZOAPPO FOIMOIV.
 10934 | Lair:3   | 10934 ||| DROPPING 2 scrolls of silence.
 11029 | Lair:4   | 11029 ||| INVOKING Heroism.
 11041 | Lair:4   | Received a gift from Okawaru
 11044 | Lair:4   | 11044 ||| Stepping ~*~*~tactically~*~*~ (stealth).
 11085 | Lair:4   | 11085 ||| INVOKING Heroism.
 11159 | Lair:4   | 11159 ||| Stepping ~*~*~tactically~*~*~ (stealth).
 11161 | Lair:4   | 11161 ||| Stepping ~*~*~tactically~*~*~ (stealth).
 11172 | Lair:4   | Identified the +8 broad axe "Faofoxad" {freeze, Str+6
                  | Int+4} (Okawaru gifted it to you on level 4 of the Lair of
                  | Beasts)
 11172 | Lair:4   | Received a gift from Okawaru
 11175 | Lair:4   | 11175 ||| SWAPPING to +8 broad axe "Faofoxad" {freeze,
                  | Str+6 Int+4}.
 11176 | Lair:4   | 11176 ||| DROPPING +1 broad axe.
 11178 | Lair:4   | Found a staircase to the Slime Pits.
 11188 | Lair:4   | 11188 ||| INVOKING Heroism.
 11189 | Lair:4   | 11189 ||| INVOKING Finesse.
 11193 | Lair:4   | 11193 ||| SWAPPING to +3 war axe of flaming.
 11203 | Lair:4   | 11203 ||| SWAPPING to +8 broad axe "Faofoxad" {freeze,
                  | Str+6 Int+4}.
 11743 | Lair:5   | Entered Level 5 of the Lair of Beasts
 11774 | Lair:5   | 11774 ||| INVOKING Heroism.
 11802 | Lair:5   | 11802 ||| INVOKING Heroism.
 11934 | Lair:5   | 11934 ||| INVOKING Heroism.
 11936 | Lair:5   | 11936 ||| Stepping ~*~*~tactically~*~*~ (stealth).
 11989 | Lair:5   | 11989 ||| Stepping ~*~*~tactically~*~*~ (stealth).
 12019 | Lair:5   | 12019 ||| INVOKING Heroism.
 12143 | Lair:5   | Noticed a dire elephant
 12145 | Lair:5   | Noticed a dire elephant
 12147 | Lair:5   | 12147 ||| INVOKING Heroism.
 12148 | Lair:5   | 12148 ||| INVOKING Finesse.
 12154 | Lair:5   | Reached skill level 3 in Throwing
 12277 | Lair:5   | 12277 ||| Stepping ~*~*~tactically~*~*~ (stealth).
 12286 | Lair:5   | Identified the +3 battleaxe of qw's Conscience {flame,
                  | rPois Str+4} (Okawaru gifted it to you on level 5 of the
                  | Lair of Beasts)
 12286 | Lair:5   | Received a gift from Okawaru
 12302 | Lair:5   | 12302 ||| INVOKING Heroism.
 12369 | Lair:5   | 12369 ||| Stepping ~*~*~tactically~*~*~ (stealth).
 12410 | Lair:5   | 12410 ||| INVOKING Heroism.
 12415 | Lair:5   | 12415 ||| Stepping ~*~*~tactically~*~*~ (hiding).
 12421 | Lair:5   | Killed a dire elephant
 12427 | Lair:5   | Killed a dire elephant
 12428 | Lair:5   | Gained mutation: Your large and strong wings let you fly.
                  | [Gargoyle growth]
 12428 | Lair:5   | Reached XP level 14. HP: 84/90 MP: 21/21
 12505 | Lair:5   | 12505 ||| Stepping ~*~*~tactically~*~*~ (hiding).
 12513 | Lair:5   | 12513 ||| INVOKING Heroism.
 12514 | Lair:5   | 12514 ||| INVOKING Finesse.
 12522 | Lair:5   | 12522 ||| Stepping ~*~*~tactically~*~*~ (hiding).
 12551 | Lair:5   | 12551 ||| INVOKING Finesse.
 12564 | Lair:5   | Reached skill level 15 in Axes
 13166 | Lair:5   | 13166 ||| PLANNING D:1-11
 13166 | Lair:5   | 13166 ||| UPGRADING to +4 ring of slaying {mikee}.
 13168 | Lair:5   | 13168 ||| DROPPING +6 ring of strength.
 13169 | Lair:5   | 13169 ||| READING 5 scrolls of identify.
 13169 | Lair:5   | 13169 ||| IDENTIFYING fuming white potion
 13290 | D:9      | Noticed Erica
 13291 | D:9      | 13291 ||| INVOKING Heroism.
 13292 | D:9      | 13292 ||| INVOKING Finesse.
 13295 | D:9      | Reached skill level 6 in Throwing
 13296 | D:9      | Killed Erica
 13394 | D:9      | Found a shadowy altar of Dithmenos.
 13460 | D:9      | 13460 ||| INVOKING Heroism.
 13534 | D:9      | 13534 ||| Stepping ~*~*~tactically~*~*~ (hiding).
 13540 | D:9      | 13540 ||| Stepping ~*~*~tactically~*~*~ (hiding).
 13681 | D:9      | Received a gift from Okawaru
 13756 | D:9      | 13756 ||| Stepping ~*~*~tactically~*~*~ (hiding).
 13759 | D:9      | 13759 ||| INVOKING Heroism.
 13861 | D:9      | 13861 ||| INVOKING Heroism.
 14046 | D:9      | 14046 ||| UPGRADING to +0 kite shield.
 14056 | D:9      | 14056 ||| DROPPING +0 buckler.
 14057 | D:9      | 14057 ||| DROPPING ring of positive energy.
 14075 | D:10     | Entered Level 10 of the Dungeon
 14121 | D:10     | 14121 ||| INVOKING Heroism.
 14127 | D:10     | 14127 ||| Stepping ~*~*~tactically~*~*~ (stealth).
 14161 | D:10     | Found a staircase to the Orcish Mines.
 14201 | D:10     | Found an ornate altar of the Wu Jian Council.
 14403 | D:10     | 14403 ||| Stepping ~*~*~tactically~*~*~ (stealth).
 14404 | D:10     | 14404 ||| INVOKING Heroism.
 14414 | D:10     | Received a gift from Okawaru
 14489 | D:10     | Found a runed translucent door.
 14489 | D:10     | Found a shimmering altar of Xom.
 14489 | D:10     | Noticed qw's ghost (journeyman GrFi)
 14500 | D:10     | 14500 ||| Stepping ~*~*~tactically~*~*~ (hiding).
 14546 | D:10     | 14546 ||| Stepping ~*~*~tactically~*~*~ (hiding).
 14548 | D:10     | 14548 ||| INVOKING Heroism.
 14748 | D:10     | 14748 ||| DROPPING +0 plate armour.
 14749 | D:10     | 14749 ||| UPGRADING to +3 plate armour.
 14759 | D:10     | 14759 ||| DROPPING +3 ring mail "Tofomoof" {Rampage Drain
                  | Slay+5 SInv}.
 14760 | D:10     | 14760 ||| READING 2 scrolls labelled VIDGHYCUMIOF.
 14761 | D:10     | 14761 ||| READING 2 scrolls labelled UFOSATHROCU.
 14762 | D:10     | 14762 ||| DROPPING scroll of noise.
 14763 | D:10     | 14763 ||| DROPPING scroll of fog.
 15106 | D:11     | 15106 ||| Stepping ~*~*~tactically~*~*~ (stealth).
 15109 | D:11     | 15109 ||| Stepping ~*~*~tactically~*~*~ (stealth).
 15115 | D:11     | 15115 ||| INVOKING Heroism.
 15135 | D:11     | Found a frozen archway.
 15139 | D:11     | 15139 ||| Stepping ~*~*~tactically~*~*~ (stealth).
 15140 | D:11     | 15140 ||| Stepping ~*~*~tactically~*~*~ (stealth).
 15341 | D:11     | Reached skill level 9 in Shields
 15514 | D:11     | 15514 ||| PLANNING D
 15514 | D:11     | 15514 ||| UPGRADING to +1 pair of boots of rampaging.
 15524 | D:11     | 15524 ||| DROPPING +0 pair of boots.
 15525 | D:11     | 15525 ||| READING 6 scrolls of identify.
 15525 | D:11     | 15525 ||| IDENTIFYING fizzy brown potion
 15526 | D:11     | 15526 ||| READING 5 scrolls of identify.
 15526 | D:11     | 15526 ||| IDENTIFYING bubbling emerald potion
 15527 | D:11     | 15527 ||| DROPPING potion of flight.
 15555 | D:12     | Found Guedo's Distillery.
 15558 | D:12     | 15558 ||| BUYING 2 potions of attraction (90 gold).
 15558 | D:12     | Bought 2 potions of attraction for 90 gold pieces
 15558 | D:12     | 15558 ||| BUYING 2 potions of lignification (90 gold).
 15558 | D:12     | Bought 2 potions of lignification for 90 gold pieces
 15558 | D:12     | 15558 ||| BUYING potion of attraction (45 gold).
 15558 | D:12     | Bought a potion of attraction for 45 gold pieces
 15558 | D:12     | 15558 ||| BUYING potion of cancellation (120 gold).
 15558 | D:12     | Bought a potion of cancellation for 120 gold pieces
 15558 | D:12     | 15558 ||| BUYING potion of haste (150 gold).
 15558 | D:12     | Bought a potion of haste for 150 gold pieces
 15558 | D:12     | 15558 ||| BUYING potion of heal wounds (75 gold).
 15558 | D:12     | Bought a potion of heal wounds for 75 gold pieces
 15558 | D:12     | 15558 ||| BUYING potion of mutation (120 gold).
 15558 | D:12     | Bought a potion of mutation for 120 gold pieces
 15572 | D:12     | 15572 ||| INVOKING Heroism.
 15657 | D:12     | Found a sparkling altar of Nemelex Xobeh.
 15800 | D:12     | 15800 ||| Stepping ~*~*~tactically~*~*~ (hiding).
 15935 | D:12     | Received a gift from Okawaru
 15970 | D:12     | 15970 ||| INVOKING Heroism.
 15997 | D:12     | 15997 ||| Stepping ~*~*~tactically~*~*~ (hiding).
 16001 | D:12     | 16001 ||| INVOKING Heroism.
 16118 | D:12     | 16118 ||| Stepping randomly (disturbance).
 16119 | D:12     | 16119 ||| Stepping randomly (disturbance).
 16376 | D:13     | 16376 ||| INVOKING Heroism.
 16377 | D:13     | 16377 ||| INVOKING Finesse.
 16482 | D:13     | Received a gift from Okawaru
 16516 | D:13     | 16516 ||| Stepping ~*~*~tactically~*~*~ (hiding).
 16709 | D:13     | Noticed Kirke
 16710 | D:13     | Noticed a sphinx
 16710 | D:13     | 16710 ||| Stepping ~*~*~tactically~*~*~ (hiding).
 16712 | D:13     | 16712 ||| INVOKING Heroism.
 16713 | D:13     | 16713 ||| INVOKING Finesse.
 16717 | D:13     | Killed Kirke
 16718 | D:13     | Reached skill level 9 in Armour
 17005 | D:13     | Noticed Snorg
 17006 | D:13     | 17006 ||| INVOKING Heroism.
 17007 | D:13     | 17007 ||| INVOKING Finesse.
 17011 | D:13     | Killed Snorg
 17122 | D:13     | Found a gate to the Vaults.
 17123 | D:13     | 17123 ||| INVOKING Heroism.
 17131 | D:13     | Identified the +0 crystal plate armour "Jingataq" {rPois
                  | rC+ Dex+3} (Okawaru gifted it to you on level 13 of the
                  | Dungeon)
 17131 | D:13     | Received a gift from Okawaru
 17137 | D:13     | Reached XP level 15. HP: 67/96 MP: 22/22
 17142 | D:13     | HP: 16/96 [vault guard/+0 great sword (10)]
 17143 | D:13     | 17143 ||| READING 4 scrolls of teleportation.
 17144 | D:13     | 17144 ||| DRINKING 6 potions of heal wounds.
 17145 | D:13     | 17145 ||| DRINKING 5 potions of heal wounds.
 17308 | D:13     | 17308 ||| UPGRADING to +0 crystal plate armour "Jingataq"
                  | {rPois rC+ Dex+3}.
 17318 | D:13     | 17318 ||| DROPPING +2 chain mail of Vehumet's Regard
                  | {Rampage rF+}.
 17319 | D:13     | 17319 ||| UPGRADING to +2 tower shield of protection.
 17329 | D:13     | 17329 ||| DROPPING +0 kite shield.
 17330 | D:13     | 17330 ||| DROPPING +3 plate armour.
 17419 | D:14     | 17419 ||| Stepping ~*~*~tactically~*~*~ (stealth).
 17422 | D:14     | 17422 ||| Stepping ~*~*~tactically~*~*~ (stealth).
 17531 | D:14     | 17531 ||| INVOKING Heroism.
 17582 | D:14     | 17582 ||| FLEEEEING.
 17583 | D:14     | 17583 ||| Stepping ~*~*~tactically~*~*~ (stealth).
 17587 | D:14     | 17587 ||| INVOKING Heroism.
 17594 | D:14     | Reached skill level 12 in Shields
 17595 | D:14     | 17595 ||| Stepping ~*~*~tactically~*~*~ (hiding).
 17610 | D:14     | 17610 ||| Stepping ~*~*~tactically~*~*~ (hiding).
 17618 | D:14     | 17618 ||| Stepping ~*~*~tactically~*~*~ (hiding).
 17621 | D:14     | 17621 ||| Stepping ~*~*~tactically~*~*~ (stealth).
 17633 | D:14     | 17633 ||| Stepping ~*~*~tactically~*~*~ (hiding).
 17650 | D:14     | 17650 ||| Stepping ~*~*~tactically~*~*~ (hiding).
 17691 | D:14     | Reached ****** piety under Okawaru
 17696 | D:14     | 17696 ||| INVOKING Heroism.
 17697 | D:14     | 17697 ||| SWAPPING to +3 war axe of flaming.
 17700 | D:14     | 17700 ||| Stepping ~*~*~tactically~*~*~ (stealth).
 17707 | D:14     | 17707 ||| SWAPPING to +8 broad axe "Faofoxad" {freeze,
                  | Str+6 Int+4}.
 17710 | D:14     | Received a gift from Okawaru
 17764 | D:14     | 17764 ||| Stepping ~*~*~tactically~*~*~ (stealth).
 17769 | D:14     | 17769 ||| Stepping ~*~*~tactically~*~*~ (stealth).
 17771 | D:14     | 17771 ||| Stepping ~*~*~tactically~*~*~ (stealth).
 17796 | D:14     | Received a gift from Okawaru
 17823 | D:14     | Identified the ring "Tiadghuna" {Fly Will+}
 17850 | D:14     | You are sucked into a shaft and drop 1 floor!
 17850 | D:15     | Entered Level 15 of the Dungeon
 17857 | D:15     | 17857 ||| Stepping ~*~*~tactically~*~*~ (stealth).
 17860 | D:15     | 17860 ||| INVOKING Heroism.
 17985 | D:15     | 17985 ||| Stepping ~*~*~tactically~*~*~ (stealth).
 18022 | D:15     | 18022 ||| DROPPING ring "Tiadghuna" {Fly Will+}.
 18023 | D:15     | 18023 ||| DROPPING +4 ring of evasion.
 18095 | D:14     | 18095 ||| Stepping ~*~*~tactically~*~*~ (stealth).
 18105 | D:14     | 18105 ||| INVOKING Heroism.
 18174 | D:14     | Received a gift from Okawaru
 18422 | D:14     | 18422 ||| Stepping ~*~*~tactically~*~*~ (hiding).
 18423 | D:14     | 18423 ||| Stepping ~*~*~tactically~*~*~ (hiding).
 18640 | D:14     | Identified the +8 scimitar of the Scorching Fool {holy,
                  | rElec Int+4}
 18664 | D:15     | 18664 ||| Stepping ~*~*~tactically~*~*~ (hiding).
 18665 | D:15     | Noticed Azrael
 18666 | D:15     | 18666 ||| INVOKING Heroism.
 18667 | D:15     | 18667 ||| INVOKING Finesse.
 18682 | D:15     | HP: 14/96 [Azrael/bolt of fire (34)]
 18683 | D:15     | 18683 ||| READING 6 scrolls of teleportation.
 18684 | D:15     | 18684 ||| DRINKING 7 potions of heal wounds.
 18724 | D:15     | 18724 ||| INVOKING Heroism.
 18725 | D:15     | 18725 ||| INVOKING Finesse.
 18730 | D:15     | Killed Azrael
 18743 | D:15     | Noticed Louise
 18764 | D:15     | Killed Louise
 18765 | D:15     | Reached XP level 16. HP: 43/101 MP: 19/23
 18840 | D:15     | 18840 ||| Stepping ~*~*~tactically~*~*~ (stealth).
 18842 | D:15     | 18842 ||| Stepping ~*~*~tactically~*~*~ (stealth).
 18850 | D:15     | Identified the +1 robe "Vamu" {Str+6} (Okawaru gifted it to
                  | you on level 15 of the Dungeon)
 18850 | D:15     | Received a gift from Okawaru
 18900 | D:15     | Reached skill level 12 in Armour
 19102 | D:15     | 19102 ||| Stepping randomly (disturbance).
 19160 | D:15     | 19160 ||| INVOKING Heroism.
 19162 | D:15     | 19162 ||| Stepping ~*~*~tactically~*~*~ (hiding).
 19165 | D:15     | Reached skill level 15 in Shields
 19184 | D:15     | Found a staircase to the Depths.
 19250 | D:15     | Noticed Agnes
 19251 | D:15     | 19251 ||| INVOKING Heroism.
 19252 | D:15     | 19252 ||| INVOKING Finesse.
 19262 | D:15     | Killed Agnes
 19331 | D:15     | 19331 ||| PLANNING ORC
 19452 | Orc:1    | Entered Level 1 of the Orcish Mines
 19453 | Orc:1    | 19453 ||| INVOKING Heroism.
 19561 | Orc:2    | Entered Level 2 of the Orcish Mines
 19570 | Orc:2    | Found a staircase to the Elven Halls.
 19580 | Orc:2    | 19580 ||| Stepping ~*~*~tactically~*~*~ (hiding).
 19639 | Orc:2    | Found Bunam's Magic Scroll Shop.
 19670 | Orc:2    | 19670 ||| Stepping ~*~*~tactically~*~*~ (stealth).
 19671 | Orc:2    | Noticed Jorgrun
 19672 | Orc:2    | 19672 ||| INVOKING Heroism.
 19673 | Orc:2    | 19673 ||| INVOKING Finesse.
 19687 | Orc:2    | Killed Jorgrun
 19740 | Orc:2    | Found Odaxtot's Specific Store.
 19743 | Orc:2    | Found Nedwyq's General Store.
 19753 | Orc:2    | 19753 ||| BUYING potion of might (44 gold).
 19753 | Orc:2    | Bought a potion of might for 44 gold pieces
 19765 | Orc:2    | 19765 ||| INVOKING Heroism.
 19767 | Orc:2    | 19767 ||| INVOKING Finesse.
 19767 | Orc:2    | Noticed Donald
 19779 | Orc:2    | Paralysed by an orc sorcerer for 5 turns
 19783 | Orc:2    | HP: 19/99 [orc warrior/+0 war axe[an orc warlord] (16)]
 19784 | Orc:2    | Mangled by an orc warrior

Levels and vault maps discovered:
D:1:      dpeg_arrival_shelter, layout_rooms, chequers_ecumenical_altar_island,
          minmay_tetromino_s4
D:2:      cheibrodos_helix_gallery, layout_loops_ring, minmay_misc_feat_roman,
          chequers_serial_rivers_micro_a, columned_hall_lemuel, uniq_robin,
          uniq_natasha
D:3:      layout_basic, nicolae_ru_great_annihilating_truth,
          minmay_misc_feat_alley, grunt_decor_fettered, kennysheep_cross_room,
          kennysheep_generic_room_3
D:4:      layout_loops_ring, minitemple, uniq_duvessa, uniq_eustachio
D:5:      layout_loops_corners, serial_shops, shop, uniq_sigmund, uniq_grinder
D:6:      layout_cave_pools, temple_doors_e, serial_shops, nicolae_shop_crystal,
          doesnt_shop_hydraphobe, uniq_pikel, uniq_menkaure
D:7:      layout_loops_ring, enter_bailey_2, item_on_display_a
D:8:      layout_cave_pods, due_lair_maze_entry_diamond, uniq_maggie,
          uniq_joseph
D:9:      layout_roguey, kennysheep_mini_moat, uniq_erica
D:10:     layout_roguey, mainiacjoe_overflow_catwalk, orc_david_3,
          ebering_ghost_xom
D:11:     layout_irregular_city, portal_ice_cave_entry_ice_simulacra
D:12:     layout_roguey, serial_shops, shop, nemelex_lonely_heart_becter
D:13:     layout_basic, lightli_vaults_fourway_checkpoint, uniq_kirke,
          uniq_snorg
D:14:     minmay_the_grid_octo_tiled_octocenter_mashed
          [minmay_the_grid_octo_tetromino_candy, minmay_the_grid_octo_empty,
          minmay_the_grid_octo_checkerflower, minmay_the_grid_octo_horde,
          minmay_the_grid_octo_prize_star,
          minmay_the_grid_square_5x5_checkered_statues,
          minmay_the_grid_square_5x5_hourglass,
          minmay_the_grid_square_5x5_three,
          minmay_the_grid_square_5x5_shuriken], layout_irregular_city,
          infiniplex_staircase_door_maze
D:15:     grunt_enter_depths_magical_seal, layout_small_grid, uniq_agnes,
          uniq_louise, uniq_azrael
Lair:1:   layout_roguey, lemuel_fruit_fields, grunt_megastairs_5
Lair:2:   layout_regular_city, basic_altar, amcnicky_mini_pool_medium
Lair:3:   layout_hall_layers, swamp_mist, minmay_snake_entry_guardpost_small,
          disabler_island, grunt_megastairs_1, infiniplex_staircase_pool_2,
          lemuel_fruit_tree, lemuel_fruit_fields, uniq_sonja
Lair:4:   layout_gridlike, minmay_slime_entry_pillars, serial_bayou_pond_a,
          st_stairs_6
Lair:5:   due_jungle_book, layout_long_grid
Orc:1:    layout_caves, basic_altar
Orc:2:    st_orc_ogre_mass, layout_diamond_mine, serial_shops,
          nicolae_shop_hallway_stairs, nicolae_specific_store, uniq_donald,
          uniq_jorgrun

Skill      XL: |  1  2  3  4  5  6  7  8  9 10 11 12 13 14 15 16 |
---------------+-------------------------------------------------+-----
Axes           | 2 3 4 5 6 8 9 10 11 13 14 15 | 15.0
Dodging        | 1 2 3 4 5 |  5.0
Fighting       | 5 7 8 9 10 11 | 11.7
Invocations    | 3 4 7 10 | 10.2
Armour         | 6 7 9 11 13 | 13.0
Throwing       | 2 5 6 |  6.0
Shields        | 4 5 6 7 11 14 15 | 15.2

Action                   |  1- 3 |  4- 6 |  7- 9 | 10-12 | 13-15 | 16-18 || total
-------------------------+-------+-------+-------+-------+-------+-------++-------
Melee: War axe           |    76 |   115 |   214 |   111 |    17 |       ||   533
       Broad axe         |       |       |       |   332 |   704 |   107 ||  1143
Throw: Boomerang         |       |       |    17 |    82 |    81 |       ||   180
       Javelin           |       |       |       |       |    54 |     7 ||    61
Invok: Heroism           |       |       |    14 |    25 |    33 |     5 ||    77
       Finesse           |       |       |       |     5 |    10 |     3 ||    18
  Use: Scroll            |     4 |     8 |     7 |    11 |     9 |       ||    39
       Potion            |       |     2 |     2 |       |     3 |       ||     7
 Stab: Paralysed         |       |     1 |       |       |       |       ||     1
Armor: Scale mail        |    37 |    43 |       |       |       |       ||    80
       Quicksilver drago |       |    17 |    87 |    75 |       |       ||   179
       Ring mail         |       |       |       |    85 |    79 |       ||   164
       Plate armour      |       |       |       |       |   109 |       ||   109
       Crystal plate arm |       |       |       |       |   118 |    38 ||   156
Dodge: Dodged            |    51 |    50 |    73 |   189 |   153 |    16 ||   532
Block: Buckler           |    14 |    23 |    38 |    93 |    40 |       ||   208
       Kite shield       |       |       |       |       |    94 |       ||    94
       Tower shield      |       |       |       |       |   202 |    74 ||   276

Table legend:
 A = Non-vault XP
 B = Vault XP
 C = Vault XP percentage of total XP
 D = Non-vault monster count
 E = Vault monster count
 F = Vault count percentage of total count
                 A         B        C        D         E       F
            +---------+---------+-------+---------+---------+-------
      Total |   80717 |   63856 |  44.2 |     439 |     163 |  27.1
            +---------+---------+-------+---------+---------+-------
        D:1 |      40 |       4 |   9.1 |      21 |       2 |   8.7
        D:2 |      65 |      69 |  51.5 |      13 |      13 |  50.0
        D:3 |      43 |      66 |  60.6 |      20 |       6 |  23.1
        D:4 |      48 |     405 |  89.4 |      12 |       3 |  20.0
        D:5 |     358 |     480 |  57.3 |      16 |       2 |  11.1
        D:6 |    1590 |     828 |  34.2 |      29 |       2 |   6.5
        D:7 |     857 |       0 |   0.0 |      29 |       0 |   0.0
        D:8 |    1787 |    2159 |  54.7 |      33 |      13 |  28.3
        D:9 |    2266 |     826 |  26.7 |      26 |       1 |   3.7
       D:10 |    2725 |       9 |   0.3 |      24 |       3 |  11.1
       D:11 |    4374 |     216 |   4.7 |      15 |       5 |  25.0
       D:12 |    6367 |       0 |   0.0 |      18 |       0 |   0.0
       D:13 |    5083 |   10531 |  67.4 |      10 |      14 |  58.3
       D:14 |   10818 |   19890 |  64.8 |      23 |      33 |  58.9
       D:15 |    8551 |    9420 |  52.4 |      21 |      19 |  47.5
     Lair:1 |   11533 |     720 |   5.9 |      21 |       2 |   8.7
     Lair:2 |    5530 |     494 |   8.2 |      24 |       3 |  11.1
     Lair:3 |    3298 |    1754 |  34.7 |      20 |       9 |  31.0
     Lair:4 |    3877 |     817 |  17.4 |      13 |       4 |  23.5
     Lair:5 |    7984 |   13328 |  62.5 |      25 |      28 |  52.8
      Orc:1 |    1228 |       0 |   0.0 |      13 |       0 |   0.0
      Orc:2 |    2295 |    1840 |  44.5 |      13 |       1 |   7.1
            +---------+---------+-------+---------+---------+-------
